 Seeded DCSS version 0.29.1-15-g9cfb28693d (webtiles) character file.

Game seed: 6320845443627075161 (custom seed)

714 Psyclone the Thaumaturge (level 7, -3/36 HPs)
             Began as a Deep Elf Fire Elementalist on Sept 29, 2023.
             Slain by Edmund
             ... wielding a +2 flail of protection
              (14 damage)
             ... on level 5 of the Dungeon.
             The game lasted 00:11:44 (5198 turns).

Psyclone the Thaumaturge (DEFE)                     Turns: 5198, Time: 00:11:44

Health: -3/36      AC:  3    Str:  5    XL:     7   Next: 41%
Magic:  17/30      EV: 13    Int: 22    God:
Gold:   77         SH:  0    Dex: 21    Spells: 10/23 levels left

rFire   . . .      SeeInvis .   q - +3 short sword
rCold   . . .      Faith    .   (no shield)
rNeg    . . .      Spirit   .   a - +0 robe
rPois   .          Reflect  .   m - +1 hat {Stlth+}
rElec   .          Harm     .   (no cloak)
rCorr   .          Rampage  .   (no gloves)
Will    .....                   (no boots)
Stlth   +++.......              (no amulet)
HPRegen 0.12/turn               p - ring of magical power
MPRegen 0.22/turn               z - +6 ring of dexterity

@: no status effects
A: no striking features
a: no special abilities


You were on level 5 of the Dungeon.
You visited 1 branch of the dungeon, and saw 5 of its levels.

You collected 277 gold pieces.
You spent 200 gold pieces at shops.

Inventory:

Hand Weapons
 q - a +3 short sword (weapon)
Armour
 a - a +0 robe (worn)
 m - a +1 hat of stealth (worn)
Magical Staves
 f - a staff of air
Jewellery
 p - a ring of magical power (left hand)
 z - a +6 ring of dexterity (right hand)
Wands
 n - a wand of flame (13)
 t - a wand of mindburst (7)
 C - a wand of digging (5)
Scrolls
 c - 4 scrolls of teleportation {unknown}
 g - 2 scrolls of magic mapping {unknown}
 k - 2 scrolls of acquirement {unknown}
 l - 2 scrolls of vulnerability {unknown}
 o - 4 scrolls of identify {unknown}
 s - 2 scrolls of blinking {unknown}
 v - 2 scrolls of amnesia {unknown}
 w - a scroll of noise {unknown}
 y - a scroll of enchant weapon {unknown}
 A - a scroll of brand weapon {unknown}
 B - a scroll of poison {unknown}
 D - a scroll of silence {unknown}
Potions
 b - a potion of magic
 d - 5 potions of curing {unknown}
 e - a potion of haste {unknown}
 h - a potion of resistance {unknown}
 i - 3 potions of brilliance {unknown}
 j - 3 potions of flight {unknown}
 r - 2 potions of might {unknown}
 u - 2 potions of lignification {unknown}
 x - a potion of degeneration {unknown}


   Skills:
 - Level 2.4 Dodging
 - Level 2.4 Stealth
 - Level 8.6 Spellcasting
 - Level 1.1 Conjurations
 + Level 2.3 Transmutations
 + Level 4.2 Fire Magic
 + Level 4.2 Poison Magic


You had 10 spell levels left.
You knew the following spells:

 Your Spells              Type           Power      Damage    Failure   Level
a - Foxfire               Conj/Fire      84%        2x1d8     2%          1
c - Conjure Flame         Conj/Fire      21%        6-21      7%          3
e - Inner Flame           Hex/Fire       18%        N/A       9%          3
v - Poisonous Vapours     Pois/Air       36%        N/A       4%          2
x - Olgreb's Toxic Radia  Pois           28%        N/A       12%         4

Your spell library contained the following spells:

 Spells                   Type           Power      Damage    Failure   Level
 Sting                    Tmut/Pois      96%        1d7       1%          1
 Scorch                   Fire           56%        2d7       1%          2
 Freeze                   Ice            36%        1d6       7%          1
 Frozen Ramparts          Ice            18%        1d3       22%         3
 Flame Wave               Conj/Fire      21%        2d8       22%         4
 Hailstorm                Conj/Ice       11%        3d5       50%         4


Dungeon Overview and Level Annotations

Branches:
Dungeon (5/15) Zot: 24798
 Temple: D:4-7

Altars:
Elyvilon
Hepliaklqana
Ru
Wu Jian
Xom

Shops:
D:2 :

Annotations:
D:3 1 runed translucent door, Crazy Yiuf
D:5 Edmund


Message History

You now have 20/30 mp.
Edmund attacks as you move away!
Edmund hits you with a +2 flail of protection.
The foxfire hits Edmund.
Edmund is severely wounded.
The foxfire hits Edmund.
Edmund is severely wounded.
You take 2 damage, and have 23/36 hp.
Casting: Foxfire (safe; 2% risk of failure)
Confirm with . or Enter, or press ? or * to list all spells.
You conjure some foxfire!
Edmund closely misses you.
You now have 19/30 mp.
Casting: Foxfire (safe; 2% risk of failure)
Confirm with . or Enter, or press ? or * to list all spells.
You conjure some foxfire!
The foxfire hits Edmund but does no damage.
Edmund is severely wounded.
The foxfire hits Edmund.
Edmund is almost dead.
Edmund hits you with a +2 flail of protection.
You take 5 damage, and have 18/36 hp.
Casting: Foxfire (safe; 2% risk of failure)
Confirm with . or Enter, or press ? or * to list all spells.
You conjure some foxfire!
The foxfire hits Edmund but does no damage.
Edmund is almost dead.
The foxfire hits Edmund.
Edmund is almost dead.
Edmund hits you with a +2 flail of protection!
Your magical contamination has completely faded away.
You take 7 damage, and have 11/36 hp.
You now have 18/30 mp.
Casting: Foxfire (safe; 2% risk of failure)
Confirm with . or Enter, or press ? or * to list all spells.
You conjure some foxfire!
The foxfire hits Edmund but does no damage.
Edmund is almost dead.
The foxfire hits Edmund but does no damage.
Edmund is almost dead.
Edmund hits you with a +2 flail of protection!
You die...

#...# #...#######........
##### #...# #....#.## #...#
##...##.## # #...# #.....#...
#.####### #>..# ###.#...####
..<.....###...####...........
....#....................####
#............v...........###.
.......†.>.@@§........(..##..
...#.#..###.v§####...........
........# #)..# ###...####..
........# #...# ##..# ###
..##>##.# #...# ##.# . ...
#.# #÷..# #.### .#####.#
#...# #...# ......>.####.##
####.# # #.....#
#.########....# #


You could see Edmund (very poisoned, ally target).

Vanquished Creatures
  A black bear (D:5)
  An ogre (D:5)
  A bullfrog (D:5)
  A necrophage (D:4)
  A scorpion (D:5)
  A howler monkey (D:4)
  A hound (D:4)
  3 orc priests
  Ijyb (D:4)
  2 orc wizards (D:3)
  5 adders
  A worm (D:4)
  5 dart slugs
  13 orcs
  7 ball pythons
  2 endoplasms (D:4)
  A giant cockroach (D:4)
  7 goblins
  3 hobgoblins
  5 kobolds
  3 quokkas
  5 bats
  A frilled lizard (D:3)
  2 rats
73 creatures vanquished.

Vanquished Creatures (others)
  390 foxfires
  2 fungi (D:3)
392 creatures vanquished.

Grand Total: 465 creatures vanquished

Notes
Turn   | Place    | Note
-------+----------+-------------------------------------------
     0 | D:1      | Psyclone the Deep Elf Fire Elementalist began the quest for
                  | the Orb.
     0 | D:1      | Reached XP level 1. HP: 10/10 MP: 6/6
   839 | D:2      | Found a faded altar of an unknown god.
   854 | D:2      | Reached skill level 4 in Spellcasting
   854 | D:2      | Reached XP level 2. HP: 15/15 MP: 3/9
  1365 | D:2      | Found Weil's Book Boutique.
  1608 | D:3      | Reached skill level 5 in Spellcasting
  1608 | D:3      | Reached XP level 3. HP: 19/19 MP: 12/12
  1703 | D:3      | Reached skill level 6 in Spellcasting
  1703 | D:3      | Reached XP level 4. HP: 24/24 MP: 14/14
  2056 | D:3      | Found a runed translucent door.
  2061 | D:3      | Learned a level 3 spell: Conjure Flame
  2205 | D:3      | Noticed Crazy Yiuf
  2529 | D:3      | Found an ornate altar of the Wu Jian Council.
  2677 | D:3      | Reached skill level 7 in Spellcasting
  2990 | D:4      | Reached XP level 5. HP: 20/28 MP: 16/16
  3364 | D:4      | Noticed Ijyb
  3377 | D:4      | Killed Ijyb
  3378 | D:4      | Reached skill level 8 in Spellcasting
  3659 | D:4      | Reached XP level 6. HP: 32/32 MP: 19/19
  3697 | D:4      | Learned a level 3 spell: Inner Flame
  3746 | D:2      | Bought a Young Poisoner's Handbook for 200 gold pieces
  3751 | D:2      | Learned a level 2 spell: Poisonous Vapours
  3756 | D:2      | Learned a level 4 spell: Olgreb's Toxic Radiance
  3829 | D:4      | Found a white marble altar of Elyvilon.
  3889 | D:4      | Found a shimmering altar of Xom.
  3890 | D:4      | Found a hazy altar of Hepliaklqana.
  3891 | D:4      | Noticed a spectral ugly thing
  3934 | D:4      | Reached skill level 1 in Poison Magic
  4172 | D:4      | Found a sacrificial altar of Ru.
  4432 | D:5      | Entered Level 5 of the Dungeon
  4753 | D:5      | Reached XP level 7. HP: 28/36 MP: 21/21
  4954 | D:5      | Reached skill level 1 in Transmutations
  5183 | D:5      | Noticed Edmund
  5198 | D:5      | Slain by Edmund

Illustrated notes

Levels and vault maps discovered:
D:1:      dpeg_arrival_lava_temple_mockup, layout_basic
D:2:      layout_loops_ring, shapermc_ecumenical_altar_starsandcircs,
          serial_shops, nicolae_shop_window_shopping
D:3:      layout_loops_ring, pdpol_wu_jian_five_deadly_venoms, corexii_shack,
          uniq_crazy_yiuf_cottage
D:4:      layout_basic, regret_index_temple_of_mockery, hangedman_ru_absence,
          lemuel_tele_altar, uniq_ijyb
D:5:      layout_loops_cross, uniq_edmund

Skill      XL: |  1  2  3  4  5  6  7 |
---------------+----------------------+-----
Spellcasting   | 4 5 6 7 8 |  8.6
Poison Magic   | 3 4 |  4.2
Fire Magic     | 4 |  4.2
Transmutations | 2 |  2.3
Dodging        | |  2.4
Stealth        | |  2.4
Conjurations   | |  1.1

Action                   |  1- 3 |  4- 6 |  7- 9 || total
-------------------------+-------+-------+-------++-------
Melee: Staff             |       |     7 |       ||     7
       Punch             |       |     1 |       ||     1
       Short sword       |       |     3 |     5 ||     8
 Cast: Foxfire           |    63 |   168 |    15 ||   246
       Olgreb's Toxic Ra |       |       |     2 ||     2
Armor: Robe              |       |     8 |     2 ||    10
Dodge: Dodged            |       |    22 |     4 ||    26
